 Dungeon Crawl Stone Soup version 0.29.1-4-g47bece8355 (webtiles) character file.

Game seed: 17449793705582831905

698 ChadusMaximus the Caller (level 7, -1/46 HPs)
             Began as a Human Summoner on Dec 7, 2022.
             Was an Initiate of the Shining One.
             Slain by an orc wizard
             ... wielding a +0 dagger
              (3 damage)
             ... on level 5 of the Dungeon.
             The game lasted 00:10:43 (5590 turns).

ChadusMaximus the Caller (Human Summoner)           Turns: 5590, Time: 00:10:43

Health: -1/46      AC:  4    Str:  8    XL:     7   Next: 97%
Magic:  0/13       EV: 12    Int: 17    God:    the Shining One [......]
Gold:   193        SH:  0    Dex: 14    Spells: 1/15 levels left

rFire   + . .      SeeInvis .   l - +2 dagger (holy)
rCold   . . .      Faith    .   (no shield)
rNeg    . . .      Spirit   +   a - +0 robe
rPois   .          Reflect  .   (no helmet)
rElec   .          Harm     .   b - +0 cloak
rCorr   .          Rampage  .   m - +0 pair of gloves
Will    .....                   (no boots)
Stlth   +.........              e - amulet of guardian spirit
HPRegen 0.15/turn               i - ring of protection from fire
MPRegen 0.13/turn               n - ring of wizardry

@: weak-willed, glowing
A: no striking features
a: Renounce Religion


You were on level 5 of the Dungeon.
You worshipped the Shining One.
The Shining One was noncommittal.
You visited 1 branch of the dungeon, and saw 6 of its levels.

You collected 193 gold pieces.

Inventory:

Hand Weapons
 h - a +0 whip
 l - a +2 dagger of holy wrath (weapon)
 r - a +4 antimagic spear
Armour
 a - a +0 robe (worn)
 b - a +0 cloak (worn)
 m - a +0 pair of gloves (worn)
Jewellery
 e - an amulet of guardian spirit (around neck)
 i - a ring of protection from fire (left hand)
 n - a ring of wizardry (right hand)
Scrolls
 d - 2 scrolls of magic mapping
 f - 2 scrolls of identify
 g - a scroll of immolation
 o - a scroll of enchant weapon
Potions
 k - a potion of resistance {unknown}
 p - a potion of attraction {unknown}
 s - a potion of heal wounds {unknown}


   Skills:
 - Level 2.3 Dodging
 - Level 2.3 Stealth
 + Level 4.5 Spellcasting
 * Level 7.6 Summonings


You had one spell level left.
You knew the following spells:

 Your Spells              Type           Power      Damage    Failure   Level
a - Summon Small Mammal   Summ           100%       N/A       1%          1
b - Call Canine Familiar  Summ           29%        N/A       1%          3
c - Call Imp              Summ           29%        N/A       1%          2
d - Vampiric Draining     Necr           3%         2d6       17%         3
e - Slow                  Hex            12%        N/A       6%          1
f - Summon Lightning Spi  Summ/Air       16%        N/A       12%         4

Your spell library contained the following spells:

 Spells                   Type           Power      Damage    Failure   Level
 Summon Guardian Golem    Hex/Summ       16%        N/A       4%          3
 Ensorcelled Hibernation  Hex/Ice        6%         N/A       9%          2
 Passwall                 Tmut/Erth      2%         N/A       9%          2
 Confusing Touch          Hex            3%         N/A       17%         3
 Swiftness                Air            3%         N/A       17%         3
 Airstrike                Air            1%         2d(1-17)  50%         4
 Lightning Bolt           Conj/Air       1%         1d12      82%         5


Dungeon Overview and Level Annotations

Branches:
Dungeon (6/15)             Temple (0/1) D:6

Altars:
The Shining One


Message History

Something hits you.
You hear some strange, mumbled words.
A magic dart appears from out of thin air!
The magic dart hits you.
As you read the scroll labelled QOITERE BAMEEQ, it crumbles to dust.
It is a scroll of identify.
d - 2 scrolls of magic mapping Something hits you but does no damage.
The orc priest mumbles some strange prayers to Beogh against you.
Pain shoots through your body!
* * * LOW HITPOINT WARNING * * *
Unknown command.
As you read the scroll labelled ZEIQEQ ATOXIA, it crumbles to dust.
The creatures around you are filled with an inner flame!
It was a scroll of immolation.
You hear some strange, mumbled words.
A magic dart appears from out of thin air!
The magic dart hits you.
* * * LOW HITPOINT WARNING * * *
The orc priest misses you.
Okay, then.
As you read the scroll labelled SYCKYE VUSIJ, it crumbles to dust.
It is a scroll of enchant weapon.
Your +1 dagger of holy wrath glows red for a moment.
Something hits you.
* * * LOW HITPOINT WARNING * * *
The orc priest closely misses you.
As you read the scroll labelled PUMAC DIUSH, it crumbles to dust.
The scroll dissolves into smoke.
It was a scroll of fog.
Something hits you.
* * * LOW HITPOINT WARNING * * *
The orc priest closely misses you.
As you read the scroll labelled XOR OBYTOEQUETZ, it crumbles to dust.
Magic quickly surges around you.
It was a scroll of vulnerability.
Something hits you.
* * * LOW HITPOINT WARNING * * *
The orc priest hits you with a +0 flail.
* * * LOW HITPOINT WARNING * * *
This is a scroll of acquirement!
Something appears at your feet! Something hits you.
You die...

#.....................#
#...................#.#
#.....................#
....................######
.........).................
......................######
..........§§.................
.....$........§§§§§.......#######
..............§o@§§.......#
..............§{§§§.......#
.............§.§.§........#
......(..)................#
..................[.......#
..........................#
).........................#
..........................#
..........................#


You could see an orc priest (inner flame, weak-willed).

Vanquished Creatures
  2 hounds
  3 adders
  An orc (D:4)
  2 endoplasms
  A giant cockroach (D:4)
  2 goblins (D:2)
  A hobgoblin (D:2)
  A quokka (D:2)
  2 ball pythons
  3 bats
  A frilled lizard (D:2)
  A kobold (D:2)
20 creatures vanquished.

Vanquished Creatures (collateral kills)
  2 ice beasts (D:5)
  A centaur (D:5)
  A necrophage (D:4)
  An orc priest (D:4)
  A jelly (D:6)
  Terence (D:2)
  An orc wizard (D:4)
  Robin (D:2)
  6 gnolls
  4 adders
  A shadow imp (D:6)
  2 dart slugs
  9 orcs
  4 bats
  An endoplasm (D:4)
  9 goblins
  4 hobgoblins
  A quokka (D:3)
  3 ball pythons
  2 frilled lizards (D:2)
  2 kobolds
  6 rats
63 creatures vanquished.

Vanquished Creatures (others)
  A plant (D:5)
1 creature vanquished.

Grand Total: 84 creatures vanquished

Notes
Turn   | Place    | Note
-------+----------+-------------------------------------------
     0 | D:1      | ChadusMaximus the Human Summoner began the quest for the
                  | Orb.
     0 | D:1      | Reached XP level 1. HP: 13/13 MP: 3/3
   541 | D:1      | Reached XP level 2. HP: 19/19 MP: 1/5
  1048 | D:2      | Found a faded altar of an unknown god.
  1059 | D:2      | Reached XP level 3. HP: 22/24 MP: 6/6
  1592 | D:2      | Learned a level 3 spell: Call Canine Familiar
  1595 | D:2      | Learned a level 2 spell: Call Imp
  1625 | D:2      | Noticed Terence
  1695 | D:2      | Killed Terence
  1696 | D:2      | Reached XP level 4. HP: 10/30 MP: 0/7
  1859 | D:2      | Noticed Robin
  1886 | D:2      | Killed Robin
  1890 | D:2      | Reached skill level 5 in Summonings
  2513 | D:1      | Reached XP level 5. HP: 27/35 MP: 3/9
  3124 | D:3      | Learned a level 3 spell: Vampiric Draining
  3126 | D:3      | Learned a level 1 spell: Slow
  3609 | D:4      | Reached XP level 6. HP: 19/41 MP: 1/11
  3853 | D:4      | Reached skill level 6 in Summonings
  4692 | D:4      | You fall into a shaft and drop 2 floors!
  4701 | D:6      | Reached XP level 7. HP: 46/46 MP: 5/12
  4771 | D:6      | Found a staircase to the Ecumenical Temple.
  4775 | D:6      | Noticed a yak
  4933 | D:5      | Entered Level 5 of the Dungeon
  4956 | D:5      | Reached skill level 7 in Summonings
  5132 | D:5      | Learned a level 4 spell: Summon Lightning Spire
  5189 | D:5      | Found a glowing golden altar of the Shining One.
  5244 | D:5      | Became a worshipper of the Shining One
  5589 | D:5      | HP: 2/46 [orc priest/+0 flail (3)]
  5590 | D:5      | Identified a scroll of acquirement
  5590 | D:5      | Acquired 529 gold pieces
  5590 | D:5      | Slain by an orc wizard

Illustrated notes

Levels and vault maps discovered:
D:1:      minmay_arrival_stair_chambers, layout_loops_ring
D:2:      layout_loops_corners, hellmonk_ecumenical_altar_lost_god, uniq_robin,
          uniq_terence
D:3:      layout_rooms
D:4:      layout_basic, cheibrodos_gnoll_hut
D:5:      layout_basic, lightli_temple_of_fire, zin_statuary, tso_oasis_becter,
          kennysheep_generic_room_11
D:6:      layout_cave_pools, nicolae_uskayaw_murder_on_the_dancefloor,
          minmay_temple_entry_water_ring, hangedman_abyss_or_decor_slice,
          serial_bayou_lake_a

Skill      XL: |  1  2  3  4  5  6  7 |
---------------+----------------------+-----
Summonings     | 5 6 7 |  7.6
Spellcasting   | 3 4 |  4.5
Dodging        | |  2.3
Stealth        | |  2.3

Action                   |  1- 3 |  4- 6 |  7- 9 || total
-------------------------+-------+-------+-------++-------
Melee: Unarmed           |     3 |       |       ||     3
       Whip              |    20 |       |       ||    20
       Dagger            |    15 |    45 |     6 ||    66
       Punch             |       |     3 |       ||     3
       Spear             |       |     7 |       ||     7
 Cast: Summon Small Mamm |    32 |    11 |     2 ||    45
       Call Canine Famil |     2 |    20 |     6 ||    28
       Call Imp          |     2 |     6 |       ||     8
       Slow              |       |     1 |     2 ||     3
       Summon Lightning  |       |       |     5 ||     5
  Use: Scroll            |     1 |       |     6 ||     7
       Potion            |       |     3 |       ||     3
 Stab: Sleeping          |     2 |     4 |       ||     6
       Distracted        |       |     1 |       ||     1
Armor: Robe              |    15 |    20 |     3 ||    38
Dodge: Dodged            |    53 |    61 |     8 ||   122
